 Dungeon Crawl Stone Soup version 0.28.0-53-g5a82cb258f (webtiles) character file.

Game seed: 2290955693160756032

228 quokkamancerX the Digger (level 6, -2/32 HPs)
             Began as a Gargoyle Earth Elementalist on July 8, 2022.
             Slain by an iguana (12 damage)
             ... on level 4 of the Dungeon.
             The game lasted 00:12:42 (4594 turns).

quokkamancerX the Digger (GrEE)                     Turns: 4594, Time: 00:12:43

Health: -2/32      AC:  8    Str: 11    XL:     6   Next: 2%
Magic:  12/12      EV: 11    Int: 18    God:
Gold:   179        SH:  0    Dex: 10    Spells: 9/13 levels left

rFire   . . .      SeeInvis .   g - +0 dagger
rCold   . . .      Faith    .   (no shield)
rNeg    + . .      Spirit   .   q - +0 leather armour
rPois   ∞          Reflect  .   (no helmet)
rElec   +          Harm     .   j - +0 cloak
rCorr   .          Rampage  .   (no gloves)
Will    +....                   (no boots)
Stlth   ++........              (no amulet)
HPRegen 0.10/turn               o - ring of willpower
MPRegen 0.13/turn               (no ring)

@: no status effects
A: sickness immunity, AC +4, negative energy resistance 1, electricity
resistance, torment resistance 1, petrification resistance
a: no special abilities


You were on level 4 of the Dungeon.
You visited 1 branch of the dungeon, and saw 4 of its levels.

You collected 179 gold pieces.

Inventory:

Hand Weapons
 g - a +0 dagger (weapon)
Missiles
 c - 39 stones
 d - 4 poisoned darts
Armour
 j - a +0 cloak (worn)
 q - a +0 leather armour (worn)
Jewellery
 o - a ring of willpower (left hand)
Scrolls
 a - a scroll of enchant armour {unknown}
 e - 3 scrolls of magic mapping
 f - 2 scrolls of identify {unknown}
 l - 2 scrolls of silence {unknown}
 m - a scroll of fear {unknown}
 p - a scroll of teleportation {unknown}
Potions
 b - a potion of curing {unknown}
 h - a potion of mutation {unknown}
 i - a potion of heal wounds {unknown}
 k - 2 potions of ambrosia {unknown}
 n - a potion of attraction {unknown}


   Skills:
 - Level 1.5 Dodging
 - Level 2.1 Stealth
 - Level 4.0 Spellcasting
 + Level 1.5 Conjurations
 - Level 0.7 Transmutations
 - Level 6.0 Earth Magic


You had 9 spell levels left.
You knew the following spells:

 Your Spells              Type           Power      Damage    Failure   Level
a - Sandblast             Erth           50%        2d12      1%          1
b - Stone Arrow           Conj/Erth      34%        3d9       12%         3

Your spell library contained the following spells:

 Spells                   Type           Power      Damage    Failure   Level
 Passwall                 Tmut/Erth      12%        N/A       8%          2
 Petrify                  Tmut/Erth      15%        N/A       43%         4


Dungeon Overview and Level Annotations

Branches:
Dungeon (4/15)
 Temple: D:4-7

Altars:

Shops:
D:3 ?

Annotations:
D:3 exclusions: door and necrophage


Innate Abilities, Weirdness & Mutations

You are immune to sickness and miasma.
Your stone body is resilient. (AC +4)
You are immune to poison.
You resist negative energy. (rN+)
You are resistant to electric shocks. (rElec)
You are resistant to unholy torment.
You are immune to petrification.


Message History

You kill the hobgoblin!
You see here a hobgoblin corpse.
There is a stone staircase leading up here.
c - 39 stones (gained 4)
You see here a +0 club.
You start resting.
HP restored.
A ball python comes into view.
The ball python hisses angrily.
The ball python bites you. The ball python barely misses you.
You hit the ball python but do no damage.
The ball python bites you but does no damage.
The ball python grabs you. The ball python constricts you.
The ball python bites you but does no damage.
The ball python constricts you.
You hit the ball python.
You kill the ball python!
You see here a ball python corpse.
An endoplasm comes into view.
Found a scroll labelled SUEFFA KYJU.
The endoplasm moves out of view.
Found a cyan potion.
An iguana comes into view.
You see here a scroll labelled SUEFFA KYJU.
The iguana hisses angrily.
The iguana barely misses you.
You barely miss the iguana. You hit the iguana but do no damage.
The iguana bites you.
You hit the iguana.
The iguana is lightly wounded.
The iguana barely misses you.
You hit the iguana.
The iguana is moderately wounded.
The iguana bites you.
You hit the iguana but do no damage.
The iguana is moderately wounded.
The iguana bites you!
You barely miss the iguana.
The iguana is moderately wounded.
The iguana bites you!
You die...

#######.# #.......#
#.......####
#########...........
...............#....
##...........#†###
#.######.......#####.#..
........................
###l@.?..........##.#
#####..............
+...........#.#
#.###.......... !.#
#######...# ### #.......
########..##
............
########..##


You could see an iguana.

Vanquished Creatures
  Jessica (D:2)
  An orc wizard (D:4)
  Natasha (thrice) (D:2)
  2 adders (D:2)
  A white imp (D:4)
  3 dart slugs
  2 orcs (D:4)
  8 ball pythons
  5 endoplasms
  2 giant cockroaches (D:2)
  11 goblins
  8 hobgoblins
  2 jackals (D:2)
  2 quokkas (D:1)
  7 bats
  4 frilled lizards
  3 kobolds
  4 rats
69 creatures vanquished.

Notes
Turn   | Place    | Note
-------+----------+-------------------------------------------
     0 | D:1      | quokkamancerX the Gargoyle Earth Elementalist began the
                  | quest for the Orb.
     0 | D:1      | Reached XP level 1. HP: 10/10 MP: 3/3
   251 | D:1      | Reached XP level 2. HP: 15/15 MP: 2/5
   896 | D:1      | Reached XP level 3. HP: 16/19 MP: 4/7
  1740 | D:2      | Reached XP level 4. HP: 9/24 MP: 5/9
  2138 | D:2      | Noticed Jessica
  2152 | D:2      | Killed Jessica
  2153 | D:2      | Reached skill level 4 in Earth Magic
  2290 | D:2      | Noticed Natasha
  2333 | D:2      | Killed Natasha
  2334 | D:2      | Reached XP level 5. HP: 15/28 MP: 8/11
  2636 | D:2      | Noticed Natasha
  2641 | D:2      | Killed Natasha
  2642 | D:2      | Reached skill level 5 in Earth Magic
  3024 | D:2      | Noticed Natasha
  3031 | D:2      | Killed Natasha
  3327 | D:3      | Learned a level 3 spell: Stone Arrow
  3463 | D:3      | Noticed a necrophage
  3500 | D:3      | Found Citann's Magic Scroll Shop.
  4225 | D:4      | Reached skill level 1 in Conjurations
  4369 | D:4      | Reached skill level 6 in Earth Magic
  4373 | D:4      | Reached XP level 6. HP: 18/32 MP: 7/12
  4594 | D:4      | Slain by an iguana

Illustrated notes

Levels and vault maps discovered:
D:1:      scummos_arrival_gate, layout_basic, minmay_3d_cube
D:2:      layout_basic, minmay_pentomino_t4, uniq_natasha, uniq_jessica
D:3:      layout_basic, serial_shops, shop, grunt_ministairs_1
D:4:      layout_basic, kennysheep_mini, mainiacjoe_overflow_surrounded_room,
          vehumet_statue, uniq_ijyb

Skill      XL: |  1  2  3  4  5 |
---------------+----------------+-----
Spellcasting   | 3 4 |  4.0
Earth Magic    | 4 6 |  6.0
Conjurations   | 1 |  1.5
Dodging        | |  1.5
Stealth        | |  2.1
Transmutations | |  0.7

Action                   |  1- 3 |  4- 6 || total
-------------------------+-------+-------++-------
Melee: Unarmed           |     1 |       ||     1
       Dagger            |   106 |   154 ||   260
       Whip              |    14 |       ||    14
       Punch             |       |     1 ||     1
Throw: Dart              |     4 |       ||     4
       Stone             |     1 |       ||     1
 Cast: Sandblast         |    16 |    18 ||    34
  Use: Scroll            |       |     1 ||     1
 Stab: Sleeping          |     1 |     5 ||     6
Armor: Robe              |    68 |    32 ||   100
       Leather armour    |       |    27 ||    27
Dodge: Dodged            |    87 |    81 ||   168
